 Dungeon Crawl Stone Soup version 0.24.1-4-ge52af88ad5 (webtiles) character file.

Game seed: 8684658385336097165, levelgen mode: deterministic

549 Gruesph the Insei (level 7, -5/59 HPs)
             Began as a Black Draconian Transmuter on Apr 15, 2020.
             Was an Initiate of Gozag.
             Slain by a centaur (9 damage)
             ... on level 4 of the Dungeon.
             The game lasted 00:21:27 (5622 turns).

Gruesph the Insei (Black Draconian Transmuter)      Turns: 5622, Time: 00:21:27

Health: -5/59      AC:  2    Str: 13    XL:     7   Next: 7%
Magic:  4/11       EV: 25    Int: 13    God:    Gozag
Gold:   664        SH:  0    Dex: 23    Spells: 5/11 levels left

rFire    + . .     SeeInvis .     - Unarmed
rCold    + . .     Gourm    .   (shield currently unavailable)
rNeg     . . .     Faith    .   (armour unavailable)
rPois    .         Spirit   .   (helmet currently unavailable)
rElec    +         Reflect  .   (cloak currently unavailable)
rCorr    +         Harm     .   (gloves currently unavailable)
MR       .....                  (boots currently unavailable)
Stlth    +++.......             (no amulet)
HPRegen  0.19/turn              (no ring)
MPRegen  0.12/turn              (no ring)

@: agile, lethally poisoned (-5 -> -8), spider-form (expiring), resistant, very
slightly contaminated, hasted, invisible, very quick
A: tiny, (breathe lightning), unfitting armour, AC +6
a: End Transformation, Potion Petition, Call Merchant, Bribe Branch, Renounce
Religion


You were on level 4 of the Dungeon.
You worshipped Gozag.
Gozag was pleased with you.
You were very hungry.
You were a venomous arachnid creature.
You visited 1 branch of the dungeon, and saw 4 of its levels.

You collected 694 gold pieces.
You paid 30 gold pieces to Gozag.

Inventory:

Hand Weapons
 b - a +0 hunting sling
Missiles
 c - a throwing net
 e - 165 stones (quivered)
 g - 39 sling bullets
 o - 39 arrows
Jewellery
 p - an uncursed ring of wizardry {unknown}
Wands
 t - a wand of scattershot (6)
Scrolls
 a - 3 scrolls of identify {unknown}
 d - 6 scrolls of teleportation {unknown}
 k - 2 scrolls of enchant weapon {unknown}
 l - 3 scrolls of enchant armour {unknown}
 m - a scroll of random uselessness {unknown}
 n - 2 scrolls of amnesia {unknown}
 q - 2 scrolls of remove curse {unknown}
 r - 2 scrolls of immolation {unknown}
 s - a scroll of fog {unknown}
 v - a scroll of blinking {unknown}
Potions
 h - 2 potions of degeneration {unknown}
 i - a potion of curing {unknown}
 j - 5 potions of haste {unknown}
 u - a potion of agility
 w - a potion of lignification {unknown}
 x - a potion of mutation {unknown}
Comestibles
 f - 3 rations


   Skills:
 + Level 4.0 Fighting
 - Level 1.7 Dodging
 * Level 5.9 Unarmed Combat
 + Level 2.8 Spellcasting
 - Level 3.0 Transmutations
 + Level 2.0 Poison Magic


You had 5 spell levels left.
You knew the following spells:

 Your Spells              Type           Power        Failure   Level  Hunger
a - Beastly Appendage     Tmut           #.....       19%         1    #......
b - Sticks to Snakes      Tmut           #.......     24%         2    ###....
c - Spider Form           Tmut/Pois      #.........   45%         3    ###....

Your spell library contained the following spells:

 Spells                   Type           Power        Failure   Level  Hunger
 Ice Form                 Ice/Tmut       #.......     90%         4    #####..
 Blade Hands              Tmut           #.........   96%         5    ######.


Dungeon Overview and Level Annotations

Branches:
Dungeon (4/15)
 Temple: D:4-7

Altars:
Ashenzari
Fedhas
Gozag
Kikubaaqudgha
Makhleb


Innate Abilities, Weirdness & Mutations

((You can breathe wild blasts of lightning.))
((Your glossy black scales are hard. (AC +6)))
You cannot fit into any form of body armour.
((You are resistant to electric shocks. (rElec)))
((You are cold-blooded and may be slowed by cold attacks.))


Message History

The adder is lightly wounded.
You feel sick. The centaur hits you!
* * * LOW HITPOINT WARNING * * *
Your ball python bites the centaur.
The adder closely misses you.
You completely miss the adder.
The adder is lightly wounded.
Your transformation is almost over.
The centaur barely misses you.
Your ball python closely misses the centaur.
The adder misses you.
The centaur closely misses you. [a] - 0 gold - resistance and flight [b] - 0 gold - haste and flight [c] - 0 gold - resistance, invisibility, agility and haste Purchase which effect?
You feel protected.
You fade into invisibility!
You feel agile all of a sudden.
You feel yourself speed up.
You feel sick.
Your ball python bites the centaur but does no damage.
The centaur hits you!
You die...
Your body crumbles into a pile of gold.

..##.....###'##
.......[.......
...............
............... ##
####+#####...####.##
...##......###...#######
....!........'..........
.............#..........
......Ss(....#..........
...##.cS##..###..###..##
#+ #..w##### #..###..##
...... #....#....
........ #....#....
.......... #....'....
...##...############....
#+# #)..##...##...##.)..
#.........##....


You could see a centaur, a worm, an adder and a friendly ball python.

Vanquished Creatures
  An ogre (D:4)
  A hound (D:4)
  3 orc wizards
  An orc priest (D:2)
  2 worker ants (D:4)
  Natasha (twice) (D:2)
  Robin (D:2)
  3 gnolls
  6 adders
  2 oozes
  5 worms
  A dart slug (D:1)
  3 leopard geckos
  8 orcs
  9 bats
  3 giant cockroaches
  16 goblins
  10 hobgoblins
  2 jackals (D:4)
  3 quokkas
  8 frilled lizards
  13 kobolds
  9 rats
112 creatures vanquished.

Vanquished Creatures (collateral kills)
  A bat (D:1)
1 creature vanquished.

Grand Total: 113 creatures vanquished

Notes
Turn   | Place    | Note
-------+----------+-------------------------------------------
     0 | D:1      | Gruesph the Draconian Transmuter began the quest for the
                  | Orb.
     0 | D:1      | Reached XP level 1. HP: 16/16 MP: 3/3
   338 | D:1      | Reached XP level 2. HP: 23/23 MP: 5/5
   342 | D:1      | Learned a level 2 spell: Sticks to Snakes
  1031 | D:1      | Reached XP level 3. HP: 29/29 MP: 6/6
  1159 | D:1      | Learned a level 3 spell: Spider Form
  1201 | D:2      | Found an opulent altar of Gozag.
  1224 | D:2      | Reached skill level 4 in Unarmed Combat
  1262 | D:2      | Became a worshipper of Gozag Ym Sagoz the Greedy
  1379 | D:2      | Found a shattered altar of Ashenzari.
  1561 | D:2      | Noticed Natasha
  1578 | D:2      | Killed Natasha
  1578 | D:2      | Reached XP level 4. HP: 2/37 MP: 7/7
  2249 | D:2      | Noticed Natasha
  2258 | D:2      | Killed Natasha
  2318 | D:2      | Noticed Robin
  2327 | D:2      | Killed Robin
  2327 | D:2      | Reached XP level 5. HP: 44/44 MP: 1/8
  2771 | D:3      | Found a shattered altar of Ashenzari.
  2817 | D:2      | Reached skill level 5 in Unarmed Combat
  3214 | D:3      | Found a burning altar of Makhleb.
  3476 | D:3      | Found a blossoming altar of Fedhas.
  3828 | D:3      | Found an ancient bone altar of Kikubaaqudgha.
  4138 | D:4      | Reached XP level 6. HP: 49/51 MP: 9/9
  4264 | D:3      | Reached skill level 1 in Poison Magic
  4612 | D:4      | Found an opulent altar of Gozag.
  5521 | D:4      | Your scales start taking on a glossy black colour.
  5521 | D:4      | Reached XP level 7. HP: 59/59 MP: 3/11
  5521 | D:4      | Gained mutation: You are resistant to electric shocks.
                  | (rElec) [Black Draconian growth]
  5622 | D:4      | Slain by a centaur

Levels and vault maps discovered:
D:1:      eino_arrival_cavern_a, layout_basic
D:2:      cheibrodos_greedy_goblins, layout_loops_ring,
          overflow_temple_1_default, st_stairs_5, minmay_misc_feat_rugged,
          nicolae_gozag_seed_capital, uniq_robin, uniq_natasha
D:3:      layout_basic, kiku_gazebo_garden_becter, bloody_makhleb,
          fedhas_altar_4, cheibrodos_ashenzari_chains
D:4:      layout_gridville, overflow_temple_1_default, serial_shops, shop_coins

Skill      XL: |  1  2  3  4  5  6 |
---------------+-------------------+-----
Fighting       | 2 3 4 |  4.0
Unarmed Combat | 4 5 |  5.9
Transmutations | 3 |  3.0
Poison Magic   | 2 |  2.0
Dodging        | |  1.7
Spellcasting   | |  2.8

Action                   |  1- 3 |  4- 6 |  7- 9 || total
-------------------------+-------+-------+-------++-------
Melee: Unarmed           |   133 |   308 |    10 ||   451
       Tailslap          |     9 |    25 |       ||    34
       Punch             |       |     5 |       ||     5
 Fire: Hunting sling     |     7 |     4 |       ||    11
Throw: Stone             |       |     2 |       ||     2
 Cast: Sticks to Snakes  |     2 |     4 |     1 ||     7
       Spider Form       |       |     5 |     1 ||     6
Invok: Potion Petition   |       |       |     1 ||     1
 Stab: Sleeping          |       |     1 |       ||     1
  Eat: Chunk             |     2 |       |       ||     2
       Ration            |       |     4 |       ||     4
Armor: Skin              |    43 |    60 |     4 ||   107
Dodge: Dodged            |    93 |   187 |    14 ||   294
